 Dungeon Sprint DCSS version 0.32-a0-859-gb0a091d592 (webtiles) character file.

Game seed: 16868363922162183135

418 Griffin23 the Fencer (level 11, -16/159 HPs)
             Began as a Minotaur Fighter on Mar 27, 2024.
             Was a High Priest of Trog.
             Demolished by a naga warrior
             ... wielding a +0 glaive
              (17 damage)
             ... in the Dungeon (Sprint VI: "Thunderdome").
             The game lasted 00:12:48 (1206 turns).

Griffin23 the Fencer (Minotaur Fighter)             Turns: 1206, Time: 00:12:52

Health: -16/159    AC: 19    Str: 26    XL:     11   Next: 1%
Magic:  1/1        EV: -3    Int:  5    God:    Trog [*****.]
Gold:   309        SH: 11    Dex:  7    Spells: 10/10 levels left

rFire   . . .        a - +0 long sword (elec)
rCold   . . .        c - +0 buckler
rNeg    + + .        l - +0 plate armour
rPois   .            (helmet restricted)
rElec   +            (no cloak)
rCorr   +            (no gloves)
SInv    .            (no boots)
Will    +++..        o - amulet of Hocin {Reflect rN++ Will+++ MP-9 Dex-2 SH+5} Stlth
                     p - ring "Sejemnal" {^Drain rElec rCorr AC+4}
HPRegen 0.46/turn    (no ring)
MPRegen 0.07/turn

%: no teleportation, reflection
@: berserking, lethally poisoned (-16 -> -42), slowed, constricted
A: horns 2, retaliatory headbutt
}: 1/15 runes: decaying
a: Renounce Religion, Berserk, Trog's Hand, Brothers in Arms


You were in the Dungeon.
You worshipped Trog.
Trog was extremely pleased with you.
You visited 1 branch You collected 770 gold pieces.
You spent 461 gold pieces at shops.

Inventory:

Hand Weapons
 a - a +0 long sword of electrocution (weapon)
Armour
 b - a +0 scale mail
 c - a +0 buckler (worn)
 l - a +0 plate armour (worn)
Magical Staves
 d - a staff of earth {unknown}
Jewellery
 o - the amulet of Hocin (around neck) {Reflect rN++ Will+++ MP-9 Dex-2 SH+5}
   (You bought it in a shop in the Dungeon)

   [amulet of reflection]

   Reflect:   It reflects blocked missile attacks.
   Dex-2:     It affects your dexterity (-2).
   rN++:      It greatly protects you from negative energy.
   Will+++:   It greatly increases your willpower.
   MP-9:      It affects your magic capacity (-9).
   SH+5:      It affects your SH (+5).
 p - the ring "Sejemnal" (left hand) {^Drain rElec rCorr AC+4}
   (You bought it in a shop in the Dungeon)

   [ring of protection]

   AC+4:      It affects your AC (+4).
   rElec:     It insulates you from electricity.
   rCorr:     It protects you from acid and corrosion.
   ^Drain:    It drains your maximum health when unequipped.
Scrolls
 j - 2 scrolls of blinking
 n - 3 scrolls of fog
Potions
 f - a potion of heal wounds
 g - 4 potions of haste
 h - 2 potions of magic
 i - a potion of berserk rage
 k - 2 potions of resistance


   Skills:
 + Level 12.9 Fighting
 * Level 17.3 Long Blades
 + Level 13.0 Armour
 + Level 12.2 Shields
 + Level 8.4 Evocations


You had 10 spell levels left.
You didn't know any spells.
Your spell library was empty.

Dungeon Overview and Level Annotations

Branches:
Dungeon (1/1)

Altars:
Cheibriados
Dithmenos
Fedhas
Gozag
Kikubaaqudgha
Makhleb
Okawaru
Qazlal
Ru
Sif Muna
Trog
Uskayaw
Vehumet
Wu Jian
Xom
Yredelemnul
Zin
The Shining One
Beogh
Lugonu

Shops:
D *[=??*?*:[((!!!!


Innate Abilities, Weirdness & Mutations

You have a pair of horns on your head.
You reflexively headbutt those who attack you in melee.


Message History

The naga warrior's venom grows more potent.
You closely miss the naga warrior. Your headbutt misses the naga warrior.
The naga warrior is moderately wounded.
The naga mage spits poison at you. The splash of poison hits you!
You are poisoned.
The naga warrior hits you with a +0 glaive!
* * * LOW HITPOINT WARNING * * *
The naga warrior constricts you.
* * * LOW HITPOINT WARNING * * *
You are too berserk!
You are too berserk!
You hit the naga warrior.
The naga warrior is heavily wounded.
You feel sick.
Okay, then.
You barely miss the naga warrior. Your headbutt misses the naga warrior.
The naga warrior is heavily wounded.
You feel sick.
The naga warrior hits you with a +0 glaive!
* * * LOW HITPOINT WARNING * * *
The naga warrior constricts you.
* * * LOW HITPOINT WARNING * * *
The naga warrior spits poison at you. The splash of poison hits you.
You are lethally poisoned!
You have difficulty breathing.
* * * LOW HITPOINT WARNING * * *
You feel yourself slow down.
* * * LOW HITPOINT WARNING * * *
You are too berserk!
You are too berserk!
You slash the naga warrior!
Lightning courses through the naga warrior!
You headbutt the naga warrior, but do no damage.
The naga warrior is severely wounded.
* * * LOW HITPOINT WARNING * * *
You feel very sick.
The naga warrior hits you with a +0 glaive!
You die...

##.............###..........
#⌠..........###...###.......
#⌠..........# #.<.# #.....).
#⌠..........###...###.......
##.............###..........
###∩........ß.# #.ß........
##∩___......###......___∩
######.ß.........ß.#####
#N@..........⌠#
###)........### #........_#
#........_# #_.N.)....#
#∩.N.....∩# ##∩.....∩##
##.....## ##§§⌠##


You could see 2 naga warriors and a naga mage (fast, strong).

Vanquished Creatures
  An arcanist (D)
  A naga warrior (D)
  2 sixfirhies (D)
  An orange demon (D)
  A red devil (D)
  An ice devil (D)
  A hellwing (D)
  A tyrant leech (D)
  Sigmund (D)
  A naga (D)
  2 hell hounds (D)
  4 wolves (D)
  A brain worm (D)
  A scorpion (D)
  A crimson imp (D)
  A quasit (D)
  2 iron imps (D)
  An ufetubus (D)
  5 ribbon worms (D)
  An endoplasm (D)
  A goblin (D)
  A hobgoblin (D)
32 creatures vanquished.

Notes
Turn   | Place    | Note
-------+----------+-------------------------------------------
     0 | D        | Griffin23 the Minotaur Fighter began the quest for the Orb.
     0 | D        | Reached XP level 1. HP: 19/19 MP: 0/0
     5 | D        | Found a shimmering blue altar of Sif Muna.
     5 | D        | Found an opulent altar of Gozag.
     5 | D        | Round 1.
     6 | D        | Found a corrupted altar of Lugonu.
     6 | D        | Found a hide-covered altar of Uskayaw.
     7 | D        | Found a glowing silver altar of Zin.
     7 | D        | Found a radiant altar of Vehumet.
     8 | D        | Found Ybbururi's Timeless Talismans.
     8 | D        | Found a stormy altar of Qazlal.
     8 | D        | Found a blossoming altar of Fedhas.
     8 | D        | Found Esitob's Identification Station.
     9 | D        | Found Poth's Jewellery.
     9 | D        | Found Neor's Advanced Armour.
    26 | D        | Noticed an iron imp
    32 | D        | Killed an iron imp
    33 | D        | Reached skill level 5 in Long Blades
    33 | D        | Reached XP level 2. HP: 17/28 MP: 1/1
    52 | D        | Found a burning altar of Makhleb.
    52 | D        | Found Ofahoecu's Premium Goods.
    52 | D        | Found Utufa Isaggo's Miscellaneous Merchandise.
    53 | D        | Found Zudaedd's Basic Armour.
    54 | D        | Found an ornate altar of the Wu Jian Council.
    54 | D        | Found a bloodstained altar of Trog.
    54 | D        | Found Raopnig's Weapon Rack.
    57 | D        | Reached XP level 3. HP: 28/35 MP: 2/2
    60 | D        | Found a shimmering altar of Xom.
    64 | D        | Became a worshipper of Trog the Wrathful
    72 | D        | Found a shadowy altar of Dithmenos.
    72 | D        | Found an iron altar of Okawaru.
    72 | D        | Found Orphysch's Do-It-Yourself Clinic.
    72 | D        | Found Agofoez's Bottled Wisdom.
    73 | D        | Found Ysarulept's Distillery.
    80 | D        | Reached skill level 5 in Fighting
    80 | D        | Reached skill level 6 in Long Blades
    80 | D        | Reached skill level 5 in Armour
    80 | D        | Reached skill level 5 in Shields
    80 | D        | Reached XP level 4. HP: 38/42 MP: 3/3
    84 | D        | Found Alyumeth's Distillery.
    84 | D        | Found a glowing golden altar of the Shining One.
    84 | D        | Found an ancient bone altar of Kikubaaqudgha.
    84 | D        | Found a roughly hewn altar of Beogh.
    97 | D        | Reached skill level 1 in Evocations
   102 | D        | Reached * piety under Trog
   103 | D        | Reached skill level 7 in Long Blades
   112 | D        | Found a snail-covered altar of Cheibriados.
   113 | D        | Found a sacrificial altar of Ru.
   116 | D        | Found Vom Ig Oqibb's Staff Store.
   116 | D        | Found Moda's Must-Have Magic.
   117 | D        | Found Iqeaggo's Magic Scroll Shop.
   118 | D        | Found a basalt altar of Yredelemnul.
   118 | D        | Found Naech's Magic Scroll Shop.
   135 | D        | Bought a scroll of brand weapon for 95 gold pieces
   143 | D        | Arena points: 6 (+6) [x1]
   158 | D        | Round 2.
   245 | D        | Noticed Sigmund
   248 | D        | Noticed a scorpion
   254 | D        | Killed Sigmund
   254 | D        | Reached ** piety under Trog
   255 | D        | Reached skill level 9 in Long Blades
   255 | D        | Reached XP level 5. HP: 52/52 MP: 4/4
   255 | D        | Reached XP level 6. HP: 60/60 MP: 5/5
   256 | D        | Reached skill level 10 in Long Blades
   291 | D        | Arena points: 30 (+24) [x2]
   361 | D        | Round 3.
   364 | D        | Noticed a hell hound
   367 | D        | Noticed a hell hound
   377 | D        | Killed a hell hound
   384 | D        | Killed a hell hound
   384 | D        | Reached *** piety under Trog
   385 | D        | Reached skill level 11 in Long Blades
   385 | D        | Reached XP level 7. HP: 30/69 MP: 6/6
   423 | D        | Reached skill level 5 in Evocations
   444 | D        | Reached skill level 12 in Long Blades
   492 | D        | Reached **** piety under Trog
   492 | D        | Arena points: 93 (+63) [x3]
   537 | D        | Round 4.
   541 | D        | Noticed a hellwing
   550 | D        | Killed a hellwing
   551 | D        | Reached XP level 8. HP: 79/79 MP: 7/7
   575 | D        | Noticed a sixfirhy
   578 | D        | Noticed a red devil
   582 | D        | HP: 2/79 [sixfirhy (11)]
   585 | D        | Noticed an orange demon
   593 | D        | Killed a sixfirhy
   594 | D        | Reached skill level 10 in Fighting
   594 | D        | Reached skill level 13 in Long Blades
   594 | D        | Reached skill level 10 in Armour
   594 | D        | Reached skill level 10 in Shields
   594 | D        | Killed an orange demon
   595 | D        | Reached skill level 14 in Long Blades
   597 | D        | Killed a red devil
   598 | D        | Reached XP level 9. HP: 25/89 MP: 8/8
   609 | D        | Noticed an ice devil
   617 | D        | Killed an ice devil
   663 | D        | Noticed a sixfirhy
   670 | D        | Killed a sixfirhy
   671 | D        | Reached skill level 15 in Long Blades
   711 | D        | Arena points: 121 (+28) [x1]
   726 | D        | Round 5.
   728 | D        | Noticed a witch
   740 | D        | Killed a witch
   740 | D        | Arena points: 226 (+105) [x3]
   741 | D        | Reached skill level 16 in Long Blades
   744 | D        | Got a decaying rune of Zot
   745 | D        | Reached XP level 10. HP: 98/99 MP: 9/9
   759 | D        | Bought a +0 plate armour for 276 gold pieces
   793 | D        | Bought a pitted jade amulet for 45 gold pieces
   793 | D        | Identified the amulet of Hocin {Reflect rN++ Will+++ MP-9
                  | Dex-2 SH+5} (You bought it in a shop in the Dungeon)
   793 | D        | Bought a faintly glowing turquoise ring for 45 gold pieces
   793 | D        | Identified the ring "Sejemnal" {^Drain rElec rCorr AC+4}
                  | (You bought it in a shop in the Dungeon)
   940 | D        | Round 6.
   946 | D        | Reached ***** piety under Trog
  1077 | D        | Arena points: 418 (+192) [x4]
  1128 | D        | Round 7.
  1129 | D        | Noticed a naga warrior
  1142 | D        | Killed a naga warrior
  1143 | D        | Reached skill level 17 in Long Blades
  1143 | D        | Reached XP level 11. HP: 54/106 MP: 1/10
  1195 | D        | Noticed a naga warrior
  1196 | D        | Noticed a naga warrior
  1205 | D        | HP: 7/159 [naga warrior/splash of poison (3)]
  1206 | D        | HP: 1/159 [poisoned by naga warrior (concentrated venom)]
  1206 | D        | Demolished by a naga warrior

Illustrated notes

Levels and vault maps discovered:
D:        arena_sprint

Skill      XL: |  1  2  3  4  5  6  7  8  9 10 11 |
---------------+----------------------------------+-----
Fighting       | 4 5 7 8 9 11 12 | 12.9
Long Blades    | 5 6 9 11 12 14 16 17 | 17.3
Armour         | 4 5 7 8 9 11 12 13 | 13.0
Shields        | 4 5 7 8 9 10 11 12 | 12.2
Evocations     | 3 4 5 6 7 8 |  8.4

Action                     |  1- 3 |  4- 6 |  7- 9 | 10-12 || total
---------------------------+-------+-------+-------+-------++-------
  Melee: Long sword        |    14 |    36 |    43 |    46 ||   139
         Headbutt          |     4 |     2 |     5 |    10 ||    21
 Invoke: Berserk           |       |     2 |     2 |     2 ||     6
         Brothers in Arms  |       |       |     1 |       ||     1
         Trog's Hand       |       |       |     2 |       ||     2
  Evoke: Wand              |       |       |     9 |     1 ||    10
    Use: Scroll            |       |     1 |     2 |       ||     3
         Potion            |       |     1 |     4 |     1 ||     6
 Armour: Scale mail        |    11 |    24 |    31 |       ||    66
         Plate armour      |       |       |       |    36 ||    36
  Dodge: Dodged            |     7 |    17 |    11 |     7 ||    42
  Block: Buckler           |     4 |     9 |    12 |    18 ||    43
         Reflection        |       |       |       |     1 ||     1

Table legend: (Time is in decaauts)
 A = Elapsed time spent in this place.
 B = Non-inter-level travel time spent in this place.
 C = Inter-level travel time spent in this place.
 D = Time resting spent in this place.
 E = Time spent auto-exploring this place.
 F = Levels seen in this place.
 G = Mean time per level.
                   A        B        C        D        E       F      G
               +--------+--------+--------+--------+--------+-----+--------+
         Total |   1230 |   1036 |    194 |    443 |    231 |   1 | 1230.0 |
       Dungeon |   1230 |   1036 |    194 |    443 |    231 |   1 | 1230.0 |
               +--------+--------+--------+--------+--------+-----+--------+

Top non-repeatable levels by time:
       D: 1230 daAuts
